Map: El Dorado

Players

WhatWasThat

  • Race: Zerg Zerg
  • League: Gold
  • Spawn Location: 7:00

wootwoot - Winner!

  • Race: Terran Terran
  • League: Silver
  • Spawn Location: 5:00

VOD

Have the link to the VOD?

Description

Time

  • Played on: April 1, 2025, 5:54 p.m.
  • Length: 5:08
Show
View Real Time Build Order
Export as new Build Order

WhatWasThat Zerg 

Build Orders: Hatch First 

Get SALT Encoding   

  12  0:00  Drone  
  13  0:14  Overlord  
  13  0:18  Drone  
  14  0:33  Drone  
  14  0:34  Drone  
  16  0:49  Hatchery  
  15  0:53  Drone  
  15  0:56  Drone  
  17  1:00  Drone  
  18  1:10  Extractor  
  17  1:15  Spawning Pool  
  17  1:18  Drone  
  17  1:21  Drone  
  18  1:34  Drone  
  19  1:43  Overlord  
  19  1:57  Drone  
  20  2:02  Queen x2  
  20  2:04  Zergling x4  
  26  2:23  Zergling x2  
  26  2:24  Spine Crawler  
  26  2:25  Drone  
  26  2:26  Drone  
  28  2:40  Drone x3  
  31  2:50  Metabolic Boost  
  31  2:52  Drone x2  
  31  3:09  Drone x4  
  34  3:23  Zergling x10  
  34  3:26  Queen  
  35  3:29  Overlord x2  
  32  3:40  Zergling x6  
  28  3:55  Drone x2  
  29  4:01  Zergling x2  
  29  4:02  Zergling x2  
  22  4:30  Zergling x8  
  22  4:31  Zergling x4  
Show
View Real Time Build Order
Export as new Build Order

wootwoot Terran - Winner!

Build Orders:  

Get SALT Encoding   

  12  0:01  SCV  
  13  0:13  SCV  
  14  0:18  Supply Depot  
  14  0:25  SCV  
  15  0:30  Refinery  
  15  0:39  SCV  
  16  0:46  Barracks  
  16  0:52  SCV  
  17  1:04  SCV  
  18  1:15  Barracks  
  18  1:23  Barracks  
  18  1:27  Refinery  
  18  1:34  Reaper  
  19  1:46  Orbital Command  
  19  2:02  Reaper  
  19  2:06  Reaper  
  21  2:12  SCV  
  22  2:19  Supply Depot  
  22  2:21  Reaper  
  23  2:41  SCV, Reaper x2  
  26  2:44  Supply Depot  
  26  2:53  SCV, Reaper  
  28  3:05  SCV  
  29  3:13  Reaper x2  
  29  3:17  SCV  
  32  3:25  Reaper  
  33  3:29  SCV  
  33  3:30  Barracks  
  33  3:31  Barracks  
  34  3:41  SCV  
  34  3:45  Reaper x2  
  37  3:53  Supply Depot, SCV  
  38  3:57  Reaper  
  38  4:17  Reaper x2  
  38  4:19  Supply Depot  
  38  4:20  Reaper x2  
  38  4:22  SCV  
  42  4:29  Reaper  
Tags
 
Matchup
TvZ
Replay Pack
B2M-Replays
Spawn Locations
Close Positions
Add a new tag
Caveats
  • Supply blocks, unpowered buildings, or Contaminate may cause inaccurate times.
  • Supply counts are checked every 10 seconds.